 Dungeon Crawl Stone Soup version 0.22.1-1-ga44c0e56f4 (webtiles) character file.

10974 Gunterle the Firebug (level 11, -5/91 HPs)
             Began as a Demigod Fire Elementalist on Oct 18, 2018.
             Slain by a five-headed hydra (12 damage)
             ... on level 12 of the Dungeon on Oct 19, 2018.
             The game lasted 02:16:58 (19556 turns).

Gunterle the Firebug (Demigod Fire Elementalist)   Turns: 19556, Time: 02:16:58

Health: -5/91      AC:  6    Str: 11    XL:     11   Next: 20%
Magic:  11/25      EV: 15    Int: 25    God:
Gold:   250        SH:  0    Dex: 16    Spells: 5/23 levels left

rFire    . . .     SeeInvis .   R - staff of conjuration
rCold    + . .     Gourm    +   (no shield)
rNeg     . . .     Faith    .   Y - +1 leather armour {rC+}
rPois    .         Spirit   .   G - +0 helmet
rElec    .         Reflect  .   (no cloak)
rCorr    .         Harm     .   (no gloves)
MR       ++...                  m - +0 pair of boots
Stlth    ++........             S - amulet of the gourmand
HPRegen  0.25/turn              j - -2 ring of slaying (curse)
MPRegen  0.19/turn              b - ring of protection from magic (curse)

@: no status effects
A: high mp 1
a: no special abilities


You were on level 12 of the Dungeon.
You were full.

You visited 1 branch of the dungeon, and saw 12 of its levels.

You collected 468 gold pieces.
You spent 218 gold pieces at shops.

Inventory:

Hand Weapons
 n - a +2 trident of protection
 r - a +0 halberd
 C - a +1 quarterstaff of distortion
 I - a +0 mace of draining
 Z - a +0 shortbow of flaming
Missiles
 h - 15 stones (quivered)
 t - 233 arrows
Armour
 e - a +0 troll leather armour
 m - a +0 pair of boots (worn)
 G - a +0 helmet (worn)
 Y - a +1 leather armour of cold resistance (worn)
Magical Staves
 R - an uncursed staff of conjuration (weapon)
Jewellery
 a - the ring "Unnuhu" {rElec rPois rC+++ rN+ Str-5, unknown}
   (You took it off an orc on level 11 of the Dungeon)

   [ring of positive energy]

   It affects your strength (-5).
   It renders you almost immune to cold.
   It insulates you from electricity.
   It protects you from poison.
   It protects you from negative energy.
 b - a cursed ring of protection from magic (right hand)
 j - a cursed -2 ring of slaying (left hand)
 z - the ring of Tete Fupu {rCorr rC+}
   (You found it on level 5 of the Dungeon)

   [ring of resist corrosion]

   It protects you from cold.
 H - an uncursed ring of poison resistance
 S - an amulet of the gourmand (around neck)
Wands
 o - a wand of paralysis (10)
 D - a wand of enslavement (11)
 J - a wand of random effects (29)
 M - a wand of iceblast (4)
 Q - a wand of flame (46)
 U - a wand of digging (9)
Scrolls
 d - a scroll of fog
 f - 7 scrolls of remove curse
 i - 10 scrolls of teleportation
 l - a scroll of blinking
 q - 2 scrolls of noise {unknown}
 u - 3 scrolls of magic mapping
 F - 2 scrolls of enchant weapon
 T - 3 scrolls of fear
 V - a scroll of summoning {unknown}
Potions
 g - 3 potions of curing
 k - a potion of berserk rage
 w - 4 potions of lignification
 B - a potion of brilliance
 E - 3 potions of might
 K - a potion of haste
 P - 2 potions of cancellation
Comestibles
 c - 18 rations


   Skills:
 + Level 6.8 Fighting
 - Level 1.7(3.6) Polearms
 + Level 5.0(5.2) Staves
 + Level 3.5 Armour
 - Level 6.1 Dodging
 - Level 1.7 Stealth
 + Level 6.7 Spellcasting
 + Level 7.1 Conjurations
 + Level 7.6 Fire Magic


You had 5 spell levels left.
You knew the following spells:

 Your Spells              Type           Power        Failure   Level  Hunger
a - Flame Tongue          Conj/Fire      #####        1%          1    None
b - Throw Flame           Conj/Fire      ######       1%          2    None
c - Conjure Flame         Conj/Fire      ######..     1%          3    None
d - Inner Flame           Hex/Fire       ####....     5%          3    None
e - Sticky Flame          Conj/Fire      ######..     4%          4    ###....
f - Fireball              Conj/Fire      ######....   12%         5    #####..

Your spell library contained the following spells:

 Spells                   Type           Power        Failure   Level  Hunger
 Dazzling Spray           Conj/Hex       #####.       6%          3    None
 Corona                   Hex            #......      9%          1    None
 Infusion                 Chrm           #...         9%          1    None
 Ignite Poison            Fire/Tmut/Pois ###.....     10%         3    None
 Ensorcelled Hibernation  Hex/Ice        #.....       13%         2    None
 Shroud of Golubria       Chrm/Tloc      #.........   13%         2    None
 Song of Slaying          Chrm           #.......     13%         2    None
 Confuse                  Hex            #.......     26%         3    None
 Regeneration             Chrm/Necr      #.........   26%         3    None
 Spectral Weapon          Hex/Chrm       #.......     26%         3    None
 Tukima's Dance           Hex            #.......     26%         3    None
 Bolt of Fire             Conj/Fire      ######....   54%         6    ######.
 Ring of Flames           Chrm/Fire      ####......   100%        7    #######
 Ignition                 Fire           #####.....   100%        8    #######


Dungeon Overview and Level Annotations

Branches:
Dungeon (12/15)            Temple (0/1) D:7            Lair (0/6) D:11
    Orc (0/2) D:10

Shops:
D:4 (=*   D:6 (   D:8 %   D:9 (

Annotations:
D:9 exclusions: downstairs and obsidian statue
D:11 exclusion: 3 oklob plants


Innate Abilities, Weirdness & Mutations

You have an increased reservoir of magic. (+10% MP)


Message History

Casting: Sticky Flame (safe; 4% risk of failure)
Confirm with . or Enter, or press ? or * to list all spells.
Aiming: Sticky Flame (safe; 4% risk of failure)
Press: ? - help, Shift-Dir - straight line, f/p - five-headed hydra
Aim: a five-headed hydra (severely wounded, fast, covered in liquid flames, You feel a surge of power!
The sticky flame hits the five-headed hydra.
The five-headed hydra is almost dead.
The five-headed hydra burns!
The five-headed hydra barely misses you.
The five-headed hydra bites you! x2
* * * LOW HITPOINT WARNING * * *
The five-headed hydra bites you!
* * * LOW HITPOINT WARNING * * *
The five-headed hydra bites you!
* * * LOW HITPOINT WARNING * * *
The five-headed hydra closely misses you.
The five-headed hydra barely misses you.
The five-headed hydra bites you!
You die...

##+#######
#.........
#.........
#....†..>.
#.@D......
#.........
#.........
#.........
#.........
#.........
##########


You could see a five-headed hydra (burning).

Vanquished Creatures
  4 ugly things
  A centaur zombie (D:11)
  A gargoyle (D:11)
  3 trolls
  A wraith (D:10)
  2 wyverns
  4 yaks
  3 hungry ghosts
  A human (D:10)
  A warg (D:10)
  A water moccasin (D:9)
  3 orc warriors
  3 black bears
  2 ice beasts
  4 sky beasts
  4 phantoms
  3 ogres
  7 centaurs
  A big kobold (D:10)
  5 bullfrogs
  Blork the orc (D:6)
  2 gnoll sergeants
  A water moccasin zombie (D:7)
  3 scorpions
  26 killer bees
  A howler monkey (D:7)
  A bullfrog zombie (D:5)
  8 crimson imps
  A quasit (D:10)
  4 hounds
  5 jellies (D:8)
  A bullfrog skeleton (D:5)
  8 orc priests
  11 orc wizards
  3 centaur skeletons
  2 iguanas
  Terence (D:2)
  7 worker ants
  A hound zombie (D:9)
  A hound skeleton (D:4)
  A howler monkey zombie (D:8)
  7 gnolls
  10 adders
  A shadow imp (D:11)
  8 oozes
  An adder skeleton (D:4)
  2 worms (D:2)
  9 leopard geckos
  59 orcs
  7 bats
  5 giant cockroaches
  5 goblins
  6 hobgoblins
  10 jackals
  7 quokkas
  3 ball pythons
  4 frilled lizards
  2 jackal skeletons (D:6)
  10 kobolds
  2 leopard gecko skeletons
  2 quokka skeletons
  2 rats
  2 plants (D:11)
307 creatures vanquished.

Vanquished Creatures (others)
  A yak (D:10)
  4 plants (D:11)
5 creatures vanquished.

Grand Total: 312 creatures vanquished

Notes
Turn   | Place    | Note
-------+----------+-------------------------------------------
     0 | D:1      | Gunterle the Demigod Fire Elementalist began the quest for
                  | the Orb.
     0 | D:1      | Reached XP level 1. HP: 14/14 MP: 5/5
   151 | D:1      | Reached skill level 1 in Conjurations
   401 | D:1      | Reached XP level 2. HP: 22/22 MP: 4/7
   405 | D:1      | Learned a level 2 spell: Throw Flame
  1179 | D:1      | Reached XP level 3. HP: 27/27 MP: 6/8
  1184 | D:1      | Learned a level 3 spell: Conjure Flame
  1208 | D:1      | Reached skill level 1 in Fighting
  1689 | D:2      | Noticed Terence
  1725 | D:2      | Killed Terence
  2007 | D:2      | Reached XP level 4. HP: 35/35 MP: 6/10
  2471 | D:2      | Found a radiant altar of Vehumet.
  3122 | D:3      | Found a faded altar of an unknown god.
  3573 | D:4      | Found Rewnaen's Jewellery Emporium.
  3761 | D:4      | Found Plog's Assorted Antiques.
  3785 | D:4      | Bought a scroll of identify for 38 gold pieces
  3785 | D:4      | Bought a scroll labeled GUIPUI GUBBU for 19 gold pieces
  3841 | D:4      | Reached XP level 5. HP: 39/41 MP: 9/11
  4052 | D:3      | Reached skill level 1 in Polearms
  4523 | D:4      | Reached XP level 6. HP: 48/48 MP: 5/13
  4666 | D:4      | Found Amev's Antique Weapon Shop.
  5095 | D:4      | Found an ornate altar of the Wu Jian Council.
  5095 | D:4      | Found a glowing silver altar of Zin.
  5216 | D:5      | Entered Level 5 of the Dungeon
  5732 | D:5      | Found a sparkling altar of Nemelex Xobeh.
  5850 | D:5      | Got a translucent turquoise ring
  5851 | D:5      | Identified the ring of Tete Fupu {rCorr rC+} (You found it
                  | on level 5 of the Dungeon)
  6641 | D:4      | Bought a glowing quarterstaff for 161 gold pieces
  6865 | D:6      | Reached XP level 7. HP: 43/56 MP: 7/15
  7349 | D:6      | Learned a level 3 spell: Inner Flame
  7527 | D:6      | Noticed Blork the orc
  8147 | D:5      | Learned a level 4 spell: Sticky Flame
  8463 | D:6      | Killed Blork the orc
  8463 | D:6      | Reached XP level 8. HP: 66/66 MP: 3/17
  8493 | D:6      | Found Kaadecacw's Antique Weapon Shoppe.
  9086 | D:7      | Reached skill level 5 in Fire Magic
  9614 | D:7      | Reached skill level 5 in Dodging
  9692 | D:7      | Found a staircase to the Ecumenical Temple.
  9806 | D:8      | Found a hide-covered altar of Uskayaw.
  9806 | D:8      | Noticed an enchanted dagger
  9807 | D:8      | Noticed a hand axe
 10373 | D:8      | Reached skill level 1 in Staves
 10375 | D:8      | Reached XP level 9. HP: 64/72 MP: 6/19
 10478 | D:8      | Reached skill level 5 in Conjurations
 10679 | D:8      | Found Yczeury's Food Shop.
 10898 | D:8      | Reached skill level 5 in Spellcasting
 11109 | D:8      | Reached skill level 5 in Fighting
 11927 | D:9      | Learned a level 5 spell: Fireball
 12205 | D:9      | Found Qatyant's Antique Weapon Emporium.
 12211 | D:9      | Got a pearl-encrusted scale mail
 12356 | D:9      | Noticed an obsidian statue
 12609 | D:9      | Noticed a white ugly thing
 12623 | D:9      | Killed a white ugly thing
 13178 | D:9      | Reached XP level 10. HP: 82/82 MP: 13/22
 13527 | D:10     | Entered Level 10 of the Dungeon
 14270 | D:10     | Reached skill level 1 in Armour
 15683 | D:10     | Found a staircase to the Orcish Mines.
 16904 | D:10     | Identified the +3 scale mail of Lucidity {rN+} (You found
                  | it on level 9 of the Dungeon)
 17447 | D:11     | Noticed an oklob plant
 17448 | D:11     | Noticed an oklob plant
 17453 | D:11     | Found a staircase to the Lair.
 17465 | D:11     | Noticed a cyan ugly thing
 17479 | D:11     | Killed a cyan ugly thing
 17737 | D:11     | Noticed a cyan ugly thing
 17760 | D:11     | Killed a cyan ugly thing
 17760 | D:11     | Reached XP level 11. HP: 52/91 MP: 15/24
 17900 | D:11     | Got a serpentine gossamer ring
 19230 | D:12     | Reached skill level 5 in Staves
 19549 | D:12     | Noticed a five-headed hydra
 19556 | D:12     | Slain by a five-headed hydra

Skill      XL: |  1  2  3  4  5  6  7  8  9 10 11 |
---------------+----------------------------------+-----
Conjurations   | 1 2 3 4 5 6 7 |  7.1
Dodging        | 2 3 4 5 6 |  6.1
Spellcasting   | 2 3 4 5 6 |  6.7
Fire Magic     | 3 4 5 6 7 |  7.6
Fighting       | 1 2 3 4 5 6 |  6.8
Polearms       | 1 |  1.7
Staves         | 1 3 4 5 |  5.0
Armour         | 3 |  3.5
Stealth        | |  1.7

Action                   |  1- 3 |  4- 6 |  7- 9 | 10-12 || total
-------------------------+-------+-------+-------+-------++-------
Melee: Dagger            |    22 |       |       |       ||    22
       Trident           |     5 |   100 |    94 |    23 ||   222
       Mace              |       |       |     3 |    82 ||    85
       Staff             |       |       |     1 |    51 ||    52
Throw: Tomahawk          |     2 |    16 |       |       ||    18
 Cast: Flame Tongue      |    45 |    58 |   125 |    85 ||   313
       Throw Flame       |    19 |    59 |   143 |   120 ||   341
       Sticky Flame      |       |       |    28 |    46 ||    74
       Fireball          |       |       |       |    10 ||    10
Evoke: Wand              |       |     2 |     2 |    36 ||    40
  Use: Scroll            |     1 |     7 |    10 |     3 ||    21
       Potion            |       |       |     1 |     1 ||     2
 Stab: Paralysed         |       |       |       |    12 ||    12
  Eat: Chunk             |     5 |    12 |    29 |    27 ||    73
       Ration            |       |     2 |     2 |       ||     4
Armor: Robe              |     7 |    34 |    33 |       ||    74
       Leather armour    |       |       |       |    76 ||    76
Dodge: Dodged            |    32 |    85 |   148 |   223 ||   488
